 Dungeon Crawl Stone Soup version 0.29-a0-356-g7bc237e783 (webtiles) character file.

Game seed: 13735779941924796745

953 croobank the Skirmisher (level 8, -1/55 HPs)
             Began as an Octopode Fighter on Apr 26, 2022.
             Was a Follower of Okawaru.
             Killed from afar by a steam dragon (22 damage)
             ... with a ball of steam
             ... on level 6 of the Dungeon.
             The game lasted 00:15:27 (4565 turns).

croobank the Skirmisher (Octopode Fighter)          Turns: 4565, Time: 00:15:27

Health: -1/55      AC:  1    Str: 17    XL:     8   Next: 14%
Magic:  0/11       EV: 22    Int: 13    God:    Okawaru [*.....]
Gold:   261        SH:  8    Dex: 15    Spells: 4/11 levels left

rFire   . . .      SeeInvis .   a - +0 war axe (venom)
rCold   . . .      Faith    .   t - +1 buckler
rNeg    . . .      Spirit   +   f - +0 hat "Yges" {Int+3 Dex+3}
rPois   .          Reflect  .   r - amulet of guardian spirit
rElec   .          Harm     .   e - +4 ring of evasion
rCorr   .          Rampage  .   j - ring of wizardry
Will    .....                   (no ring)
Stlth   ++++......              (no ring)
HPRegen 0.18/turn               (no ring)
MPRegen 0.12/turn               (no ring)
                                (no ring)
                                (no ring)

@: heroic, marked
A: almost no armour, amphibious, 8 rings, camouflage 1, gelatinous body 1,
(nimble swimmer 1), tentacles
a: Renounce Religion, Heroism


You were on level 6 of the Dungeon.
You worshipped Okawaru.
Okawaru was aware of your devotion.
You visited 2 branches of the dungeon, and saw 7 of its levels.
You also visited: Ossuary.

You collected 261 gold pieces.

Inventory:

Hand Weapons
 a - a +0 war axe of venom (weapon)
 b - a +0 hunting sling
 m - a +1 whip of flaming
 o - a +0 morningstar
Missiles
 g - 6 poisoned darts
 h - 216 stones
 w - 4 datura-tipped darts (quivered)
 y - 6 boomerangs
Armour
 f - the +0 hat "Yges" (worn) {Int+3 Dex+3}
   (You acquired it on level 3 of the Dungeon)

   Int:       It affects your intelligence (+3).
   Dex:       It affects your dexterity (+3).
 t - a +1 buckler (worn)
Jewellery
 e - a +4 ring of evasion (left tentacle)
 j - a ring of wizardry (right tentacle)
 r - an amulet of guardian spirit (around mantle)
Scrolls
 l - a scroll of identify
 n - a scroll of enchant armour
 p - 3 scrolls of immolation
 q - a scroll of brand weapon
 s - 2 scrolls of noise {unknown}
 v - a scroll of teleportation {unknown}
Potions
 c - a potion of might
 d - 3 potions of brilliance
 i - 3 potions of magic
 k - a potion of curing
 u - a potion of degeneration {unknown}
Miscellaneous
 x - a phantom mirror


   Skills:
 + Level 5.1(10.1) Fighting
 + Level 4.4(9.4) Axes
 + Level 5.1(10.1) Dodging
 + Level 5.0(10.0) Shields
 + Level 2.0 Spellcasting
 + Level 2.3 Earth Magic


You had 4 spell levels left.
You knew the following spells:

 Your Spells              Type           Power      Damage    Failure   Level
a - Stone Arrow           Conj/Erth      8%         3d7       22%         3
b - Passwall              Tmut/Erth      3%         N/A       12%         2
c - Ensorcelled Hibernat  Hex/Ice        2%         N/A       17%         2

Your spell library contained the following spells:

 Spells                   Type           Power      Damage    Failure   Level
 Sandblast                Erth           14%        2d6       4%          1
 Spider Form              Tmut/Pois      1%         N/A       32%         3
 Anguish                  Hex/Necr       0%         N/A       71%         4


Dungeon Overview and Level Annotations

Branches:
Dungeon (6/15)             Temple (1/1) D:4         Ossuary (visited)

Altars:
Ashenzari
Dithmenos
Elyvilon
Fedhas
Gozag
Hepliaklqana
Kikubaaqudgha
Makhleb
Nemelex Xobeh
Okawaru
Qazlal
Trog
Uskayaw
Vehumet
Wu Jian
Xom
Yredelemnul
Zin


Innate Abilities, Weirdness & Mutations

You cannot wear most types of armour.
You are amphibious.
You can wear up to eight rings at the same time.
Your skin changes colour to match your surroundings (Stealth+).
Your rubbery body absorbs attacks. (AC +1, EV +1)
((You are camouflaged when in or above water. (Stealth+)))
You have tentacles for arms and can constrict up to eight enemies at once.


Message History

Your Shields skill increases to level 5!
Your Spellcasting skill increases to level 2!
No target in view!
You feel sick.
You feel sick.
An ice beast comes into view.
You feel sick.
You feel sick.
You feel sick. The ice beast hits you. The ice beast freezes you!
You hit the ice beast. Your squeeze misses the ice beast.
The ice beast is lightly wounded.
You feel sick. The ice beast hits you. The ice beast freezes you!
You are too injured to fight recklessly!
You are too injured to fight recklessly!
You are too injured to fight recklessly!
You are too injured to fight recklessly!
You closely miss the ice beast. Your squeeze misses the ice beast.
The ice beast is lightly wounded.
You feel sick.
You are no longer poisoned.
The ice beast barely misses you.
You closely miss the ice beast.
The ice beast is lightly wounded.
A steam dragon comes into view.
The ice beast closely misses you.
Okay, then.
Okay, then.
Blink to where?
Press: ? - help, Dir - move target
As you read the scroll of blinking, it crumbles to dust.
The steam dragon breathes steam at you. The ball of steam misses you.
You climb downwards.
The gnoll shouts! x2; The gnoll sergeant shouts!
The gnoll shouts!
Something shouts, "Get thee gone, thou clouted common-kissing surfacer!"
There is a stone staircase leading up here.
You gain the combat prowess of a mighty hero.
The steam dragon breathes steam at you. The ball of steam hits you!!
You die...

## ###### #.#
##.....###..#
....g...5...#
............#
#..g.......#
#...gD@..#
#.......##
#........#
#.g.###...#
#.. ##... #.
#... # #...
#...


You could see a steam dragon (catching breath), a gnoll sergeant, 3 gnolls and a
shadow imp.

Vanquished Creatures
  A centaur (D:5)
  An ogre (D:4)
  5 scorpions
  2 water moccasin zombies (Ossuary)
  A hound (D:4)
  An orc priest (D:4)
  A gnoll shaman (D:5)
  An iguana (D:5)
  An orc wizard (D:4)
  2 mummies (Ossuary)
  9 gnolls
  5 adders
  An ufetubus (D:5)
  4 adder zombies (Ossuary)
  A dart slug (D:5)
  4 orcs
  5 ball pythons
  2 bats
  8 endoplasms
  3 giant cockroaches
  6 gnoll zombies (Ossuary)
  3 goblins
  7 hobgoblins
  9 jackals
  2 quokkas
  2 frilled lizards (D:1)
  6 hobgoblin zombies (Ossuary)
  4 kobolds
  A kobold zombie (Ossuary)
  6 orc zombies (Ossuary)
  4 rats
108 creatures vanquished.

Notes
Turn   | Place    | Note
-------+----------+-------------------------------------------
     0 | D:1      | croobank the Octopode Fighter began the quest for the Orb.
     0 | D:1      | Reached XP level 1. HP: 16/16 MP: 1/1
   528 | D:1      | Reached XP level 2. HP: 17/21 MP: 2/2
  1348 | D:2      | Reached XP level 3. HP: 26/26 MP: 3/3
  1792 | D:2      | Reached XP level 4. HP: 26/31 MP: 4/4
  2140 | D:3      | Noticed a scorpion
  2144 | D:3      | Killed a scorpion
  2145 | D:3      | Reached XP level 5. HP: 35/37 MP: 5/5
  2486 | D:3      | Found a faded altar of an unknown god.
  2714 | D:3      | Identified a scroll of acquirement
  2715 | D:3      | Acquired the +0 hat "Yges" {Int+3 Dex+3}
  2962 | D:4      | Found a sand-covered staircase.
  2969 | Ossuary  | Entered an ossuary
  3017 | Ossuary  | Reached XP level 6. HP: 39/43 MP: 6/6
  3308 | D:4      | Found a staircase to the Ecumenical Temple.
  3322 | Temple   | Entered the Ecumenical Temple
  3329 | Temple   | Became a worshipper of Warmaster Okawaru
  3369 | D:4      | Learned a level 3 spell: Stone Arrow
  3372 | D:4      | Learned a level 2 spell: Passwall
  3851 | D:4      | Reached XP level 7. HP: 46/49 MP: 5/7
  3956 | D:5      | Entered Level 5 of the Dungeon
  4034 | D:4      | Reached skill level 1 in Spellcasting
  4034 | D:4      | Reached skill level 1 in Earth Magic
  4042 | D:4      | Reached * piety under Okawaru
  4371 | D:5      | Learned a level 2 spell: Ensorcelled Hibernation
  4426 | D:5      | Reached skill level 5 in Fighting
  4437 | D:5      | Reached skill level 5 in Dodging
  4439 | D:5      | Reached XP level 8. HP: 43/55 MP: 7/10
  4553 | D:5      | Reached ** piety under Okawaru
  4554 | D:5      | Reached skill level 5 in Shields
  4565 | D:6      | Killed from afar by a steam dragon

Illustrated notes

Levels and vault maps discovered:
D:1:      amcnicky_arrival_flooded_fountain, layout_rooms, serial_rivers,
          chequers_serial_rivers_micro_d, chequers_serial_rivers_large_b,
          chequers_serial_rivers_marsh, chequers_serial_rivers_micro_e,
          chequers_serial_rivers_small_b, chequers_serial_rivers_micro_a
D:2:      layout_loops_ring
D:3:      minmay_wonky_spiral, layout_basic,
          hellmonk_ecumenical_altar_leap_of_faith
D:4:      layout_gridville, minmay_temple_entry_statues_pillars,
          nicolae_ossuary_entry_ruins
D:5:      layout_loops_ring, minmay_statues_item
D:6:      layout_layer_cave, lemuel_blue_sif_altar,
          nicolae_concentric_dashed_squares_wild, uniq_prince_ribbit1
Temple:   nicolae_temple_no_exploring_needed

Skill      XL: |  1  2  3  4  5  6  7  8 |
---------------+-------------------------+-----
Axes           | 3 4 |  4.4
Fighting       | 4 5 |  5.1
Dodging        | 4 5 |  5.1
Shields        | 4 5 |  5.0
Spellcasting   | 1 2 |  2.0
Earth Magic    | 2 |  2.3

Action                   |  1- 3 |  4- 6 |  7- 9 || total
-------------------------+-------+-------+-------++-------
Melee: War axe           |    56 |   102 |    43 ||   201
       Tentacles         |    12 |    22 |    16 ||    50
       Constrict         |    13 |    36 |    10 ||    59
       Punch             |     1 |     3 |       ||     4
Throw: Dart              |       |       |     2 ||     2
       Stone             |       |       |     1 ||     1
 Cast: Ensorcelled Hiber |       |       |     1 ||     1
Invok: Heroism           |       |       |     1 ||     1
  Use: Potion            |     1 |     3 |       ||     4
       Scroll            |     4 |    10 |     1 ||    15
 Stab: Sleeping          |     5 |     3 |     1 ||     9
       Distracted        |       |     1 |       ||     1
Armor: Skin              |     5 |     5 |     2 ||    12
Dodge: Dodged            |    29 |    71 |    41 ||   141
Block: Buckler           |     8 |    23 |    21 ||    52

Table legend: (Time is in decaauts)
 A = Elapsed time spent in this place.
 B = Non-inter-level travel time spent in this place.
 C = Inter-level travel time spent in this place.
 D = Time resting spent in this place.
 E = Time spent auto-exploring this place.
 F = Levels seen in this place.
 G = Mean time per level.
                   A        B        C        D        E       F      G
               +--------+--------+--------+--------+--------+-----+--------+
         Total |   4641 |   4527 |    114 |    814 |   2864 |   8 |  580.1 |
       Dungeon |   4302 |   4195 |    107 |    814 |   2651 |   6 |  717.0 |
        Temple |     14 |      7 |      7 |      0 |      0 |   1 |   14.0 |
       Ossuary |    324 |    324 |      0 |      0 |    213 |   1 |  324.0 |
               +--------+--------+--------+--------+--------+-----+--------+

Top non-repeatable levels by time:
     D:1: 1305 daAuts
     D:3: 1021 daAuts
     D:4: 796 daAuts
     D:2: 670 daAuts
     D:5: 507 daAuts
 Ossuary: 324 daAuts
  Temple: 14 daAuts
     D:6: 0 daAuts
